Map: Neon Violet Square LE

Players

INnoVation - Winner!

  • Race: Terran Terran
  • Spawn Location: 5:00

Neeb

  • Race: Protoss Protoss
  • Spawn Location: 11:00

Event: 2018 Hangzhou StarCraft Carnival

VOD

Have the link to the VOD?

Description

Time

  • Played on: April 28, 2018, 11:56 p.m.
  • Length: 9:34

All games in this series

Show
View Real Time Build Order
Export as new Build Order

INnoVation Terran - Winner!

Build Orders: Gas First Reaper Expand, Reaper Expand, MMM Bio 

Get SALT Encoding   

  12  0:00  SCV  
  13  0:12  SCV  
  14  0:17  Supply Depot  
  14  0:25  SCV  
  15  0:29  Refinery  
  15  0:39  SCV  
  16  0:45  Barracks  
  16  0:51  SCV  
  17  1:03  SCV  
  18  1:15  SCV  
  19  1:32  Reaper, Orbital Command  
  20  1:47  Command Center  
  20  1:57  Factory  
  20  1:58  SCV  
  21  2:06  Barracks Reactor  
  21  2:10  SCV  
  21  2:13  Supply Depot  
  22  2:18  Refinery  
  22  2:23  SCV  
  23  2:35  SCV  
  24  2:43  Starport  
  24  2:46  Hellion x2  
  24  2:47  SCV  
  29  2:59  SCV  
  29  3:00  Orbital Command  
  29  3:04  Orbital Command  
  30  3:08  Hellion  
  30  3:11  Hellion  
  34  3:15  SCV  
  34  3:19  Barracks Tech Lab  
  34  3:27  SCV  
  35  3:29  Cyclone  
  35  3:32  Cyclone  
  38  3:43  SCV x2  
  38  3:44  Marine, Stimpack  
  39  3:49  Barracks  
  39  3:51  Supply Depot  
  40  3:55  SCV x2  
  40  3:58  Barracks  
  41  4:04  Marine  
  41  4:09  SCV x2  
  40  4:13  Bunker  
  40  4:17  Engineering Bay  
  40  4:18  Factory Reactor  
  40  4:21  SCV  
  40  4:22  SCV  
  44  4:24  Marauder  
  44  4:29  Supply Depot  
  44  4:33  SCV  
  44  4:34  SCV  
  46  4:42  Refinery  
  46  4:43  Missile Turret  
  44  4:48  Missile Turret  
  44  4:49  Barracks Tech Lab  
  41  4:53  Missile Turret  
  41  4:57  Missile Turret  
  41  4:59  Marine, Marauder  
  43  5:01  SCV  
  43  5:03  SCV  
  41  5:15  SCV x2  
  41  5:18  Terran Infantry Weapons Level 1  
  43  5:27  SCV  
  43  5:28  SCV  
  45  5:31  Starport  
  45  5:39  SCV, Refinery  
  45  5:40  SCV  
  45  5:41  Marauder x2  
  45  5:42  Marine x2  
  52  5:45  Combat Shields  
  53  5:51  Supply Depot  
  53  5:52  SCV x2  
  55  5:59  Factory Reactor  
  55  6:01  Supply Depot  
  55  6:04  SCV x2  
  55  6:08  Medivac  
  55  6:09  Medivac  
  61  6:16  Missile Turret  
  61  6:18  SCV x2  
  63  6:20  Concussive Shells  
  63  6:26  Marauder  
  63  6:27  Marauder  
  63  6:31  SCV  
  63  6:32  SCV  
  69  6:36  Supply Depot  
  69  6:37  Marine  
  69  6:38  Marine  
  71  6:44  Medivac  
  71  6:46  Medivac  
  74  6:52  Marauder x2  
  78  6:57  Widow Mine x2  
  78  7:00  Refinery  
  82  7:03  Supply Depot  
  82  7:07  Marine, Supply Depot  
  83  7:09  Marine  
  83  7:11  SCV  
  83  7:13  SCV  
  86  7:18  Terran Infantry Armor Level 1  
  86  7:24  Widow Mine x2  
  86  7:28  Liberator  
  86  7:29  Liberator  
  90  7:30  Supply Depot  
  90  7:32  Marauder x2  
  90  7:33  Marine  
  90  7:36  Marine  
  102  7:52  Widow Mine x2  
  102  7:58  Supply Depot  
  97  8:12  Marine x2, Marauder x2  
  101  8:13  Liberator x2  
  101  8:16  Command Center  
  101  8:19  Widow Mine  
  103  8:21  Widow Mine  
  111  8:38  Supply Depot  
  111  8:39  Marauder  
  111  8:40  Marauder  
  115  8:42  Marine x2  
  117  8:58  Supply Depot  
  117  9:00  Widow Mine x2  
  114  9:08  Marine x2, Marauder  
  114  9:09  Marauder  
  104  9:17  SCV x2  
Show
View Real Time Build Order
Export as new Build Order

Neeb Protoss 

Build Orders: 1 Gate Expand, Zealot Archon, Dark Templar Rush 

Get SALT Encoding   

  12  0:00  Probe  
  13  0:13  Probe  
  14  0:18  Pylon  
  14  0:24  Probe  
  15  0:32  Probe  
  15  0:38  Gateway  
  15  0:40  Probe  
  16  0:49  Assimilator  
  17  0:51  Probe  
  18  1:03  Probe  
  19  1:16  Probe  
  20  1:25  Nexus  
  20  1:35  Cybernetics Core  
  20  1:39  Probe  
  21  1:44  Assimilator  
  21  1:51  Probe  
  21  1:53  Pylon  
  22  2:03  Adept, Probe  
  23  2:14  Warp Gate  
  23  2:15  Probe  
  26  2:25  Twilight Council  
  26  2:26  Probe  
  26  2:29  Adept  
  27  2:33  Probe  
  27  2:34  Probe  
  29  2:41  Probe  
  29  2:44  Probe  
  33  2:54  Probe  
  33  2:56  Stalker, Probe  
  37  3:06  Dark Shrine  
  37  3:07  Probe  
  37  3:09  Probe  
  39  3:19  Probe  
  39  3:21  Probe  
  39  3:23  Gateway  
  39  3:25  Stalker  
  42  3:31  Probe  
  41  3:43  Probe x2  
  41  3:46  Pylon  
  42  3:52  Probe x2  
  42  3:59  Pylon  
  42  4:00  Probe  
  44  4:04  Probe  
  44  4:08  Pylon  
  43  4:10  Probe  
  43  4:16  Probe  
  45  4:20  Dark Templar x2  
  45  4:23  Probe  
  50  4:28  Probe  
  51  4:34  Nexus  
  51  4:36  Probe  
  52  4:40  Probe  
  53  4:48  Probe  
  54  4:53  Probe  
  54  4:54  Dark Templar  
  54  4:57  Assimilator  
  54  4:58  Assimilator  
  57  5:00  Probe  
  57  5:05  Probe  
  59  5:11  Robotics Facility  
  59  5:12  Probe  
  58  5:17  Probe  
  57  5:23  Sentry  
  57  5:25  Probe  
  60  5:28  Forge  
  60  5:29  Probe  
  60  5:30  Forge, Charge  
  60  5:31  Pylon  
  60  5:34  Protoss Ground Weapons Level 1  
  61  5:37  Probe, Dark Templar  
  61  5:38  Protoss Ground Armor Level 1  
  61  5:41  Probe  
  63  5:46  Gateway x2, Probe  
  63  5:48  Sentry  
  66  5:50  Pylon  
  66  5:51  Probe  
  66  5:54  Probe  
  68  5:59  Probe  
  69  6:08  Gateway, Observer  
  69  6:09  Gateway  
  69  6:10  Probe  
  71  6:11  Probe  
  71  6:14  Probe  
  71  6:18  Pylon  
  71  6:19  Immortal  
  71  6:20  Dark Templar  
  71  6:23  Probe  
  71  6:24  Pylon  
  71  6:25  Probe  
  75  6:32  Probe  
  80  6:41  Pylon, Stalker  
  80  6:42  Pylon  
  82  6:47  Gateway  
  82  6:50  Immortal  
  82  6:51  Dark Templar  
  82  6:52  Shield Battery  
  82  6:53  Shield Battery  
  82  7:01  Zealot x2  
  90  7:05  Probe x3  
  93  7:12  Pylon  
  93  7:13  Assimilator x2  
  93  7:15  Protoss Ground Armor Level 2  
  93  7:16  Pylon  
  93  7:17  Probe x2  
  93  7:21  Probe  
  94  7:24  Dark Templar  
  94  7:25  Zealot x2, Dark Templar  
  102  7:32  Zealot, Archon  
  102  7:33  Zealot  
  106  7:47  Pylon  
  106  7:49  Zealot x2  
  108  7:53  Zealot x2  
  108  7:57  Probe x2  
  108  7:58  Probe  
  115  7:59  Pylon  
  109  8:09  Probe x2  
  105  8:13  Zealot x3  
  111  8:22  Nexus  
  111  8:23  Pylon  
  113  8:29  Pylon  
  113  8:31  Sentry  
  115  8:36  Templar Archives  
  115  8:38  Gateway  
  115  8:40  Probe x2  
  117  8:41  Probe  
  117  8:44  Stalker x2  
  122  8:49  Warp Prism  
  122  8:55  Stalker x2  
  126  9:01  Pylon  
  122  9:03  Stalker x2  
  104  9:11  Stalker x2  
  98  9:21  Zealot  
  90  9:25  Zealot  
Tags
 
Add a new tag
Caveats
  • Supply blocks, unpowered buildings, or Contaminate may cause inaccurate times.
  • Supply counts are checked every 10 seconds.